 Dungeon Crawl Stone Soup version 0.31.0-32-g396128a36d (webtiles) character file.

Game seed: 15053105757839832630

104027 Cheops the Peltast (level 15, 0/186 (195) HPs)
             Began as a Minotaur Fighter on Apr 16, 2024.
             Was the Champion of Okawaru.
             Succumbed to a jorogumo's poison
             ... on level 2 of the Spider Nest.
             The game lasted 01:41:58 (27032 turns).

Cheops the Peltast (Minotaur Fighter)              Turns: 27032, Time: 01:41:58

HP:   0/186 (195)   AC: 43    Str: 29    XL:     15   Next: 90%
MP:   6/24          EV:  5    Int: 11    God:    Okawaru [******]
Gold: 2980          SH: 23    Dex:  9    Spells: 14/14 levels left

rFire   . . .        a - +5 eveningstar (protect)
rCold   + . .        S - +5 kite shield {rC+}
rNeg    . . .        B - +8 orange crystal plate armour {Archmagi, Int+3 Clar}
rPois   +            x - +2 hat {Stlth+}
rElec   +            s - +0 cloak "Coifeocw" {Int+3}
rCorr   .            w - +1 pair of gloves
SInv    .            F - +2 pair of boots {rampage}
Will    +++..        h - amulet of reflection Stlth
                     M - ring of poison resistance
HPRegen 0.51/turn    W - ring of willpower
MPRegen 0.19/turn

%: reflection, clarity, rampage, archmagi
@: berserking, lethally poisoned (0 -> -3), under a protective aura,
enlightened, flying, slowed, lightly drained
A: horns 2, retaliatory headbutt, electricity resistance
a: Renounce Religion, Heroism, Finesse, Duel


You were on level 2 of the Spider Nest.
You worshipped Okawaru.
Okawaru was exalted by your worship.
You visited 4 branches of the dungeon, and saw 23 of its levels.
You also visited: Bailey and Ice Cave.

You collected 2980 gold pieces.

Inventory:

Hand Weapons
 a - a +5 eveningstar of protection (weapon)
 b - the +7 demon whip of Magnificence {freeze, Will+ Int+3}
   (You acquired it on level 10 of the Dungeon)

   Int+3:     It affects your intelligence (+3).
   Will+:     It increases your willpower.
 c - the +6 hand axe of Vohafela {holy, rCorr Str+6}
   (You found it on level 3 of the Lair of Beasts)

   Str+6:     It affects your strength (+6).
   rCorr:     It protects you from acid and corrosion.
 d - the +6 flail "Koudoq" {venom, ^Fragile rElec rPois SInv}
   (You found it on level 10 of the Dungeon)

   rElec:     It insulates you from electricity.
   rPois:     It protects you from poison SInv: It lets you see invisible.
   ^Fragile:  It will be destroyed if unequipped.
 U - a +6 flail of protection
Armour
 s - the +0 cloak "Coifeocw" (worn) {Int+3}
   (You found it on level 5 of the Lair of Beasts)

   Int+3:     It affects your intelligence (+3).
 w - a +1 pair of gloves (worn)
 x - a +2 hat of stealth (worn)
 B - the +8 orange crystal plate armour (worn) {Archmagi, Int+3 Clar}
   (Okawaru gifted it to you on level 1 of the Lair of Beasts)

   Int+3:     It affects your intelligence (+3).
   Clar:      It protects you from confusion, rage, mesmerisation and fear.
 C - the +0 acid dragon scales "Jerij" {rC- rN+++ Regen+ rCorr Dex-5}
   (You found it in a bailey)

   Dex-5:     It affects your dexterity (-5).
   rC-:       It makes you vulnerable to cold.
   rN+++:     It renders you almost immune to negative energy.
   Regen+:    It increases your rate of health regeneration.
   rCorr:     It protects you from acid and corrosion.
 D - a +0 crystal plate armour of cold resistance
 E - a +2 chain mail of poison resistance
 F - a +2 pair of boots of rampaging (worn)
 I - a +2 ring mail of fire resistance
 S - a +5 kite shield of cold resistance (worn)
Jewellery
 h - an amulet of reflection (around neck)
 m - a ring of see invisible
 n - a ring of fire
 p - a +6 ring of strength
 r - a ring of willpower
 y - a ring of willpower
 L - an amulet of the acrobat
 M - a ring of poison resistance (left hand)
 O - a ring of resist corrosion
 P - a ring of protection from cold
 W - a ring of willpower (right hand)
Wands
 o - a wand of roots (12)
 K - a wand of flame (28)
 R - a wand of mindburst (10)
 V - a wand of light (5)
Scrolls
 e - a scroll of blinking {unknown}
 f - 2 scrolls of silence
 g - 4 scrolls of teleportation
 k - 2 scrolls of poison
 q - 7 scrolls of immolation
 u - 3 scrolls of fog
 J - a scroll of acquirement
 Q - a scroll of enchant armour
 Y - 4 scrolls of fear
Potions
 i - 4 potions of enlightenment
 j - 5 potions of mutation
 l - 6 potions of heal wounds
 t - a potion of ambrosia
 v - a potion of berserk rage
 z - 5 potions of lignification {unknown}
 H - 3 potions of might
 N - 4 potions of attraction {unknown}
 Z - 3 potions of haste
Miscellaneous
 G - a condenser vane (inert)


   Skills:
 + Level 11.4 Fighting
 - Level 16.0 Maces & Flails
 - Level 9.0 Armour
 - Level 18.6 Shields
 - Level 13.9 Invocations
 - Level 10.2 Evocations


You had 14 spell levels left.
You didn't know any spells.
Your spell library contained the following spells:

 Spells                   Type           Power      Damage    Failure   Level
 Apportation              Tloc           0%         N/A       100%        1
 Freeze                   Ice            0%         1d3       100%        1
 Magic Dart               Conj           0%         1d3       100%        1
 Necrotise                Necr           0%         1d4       100%        1
 Ensorcelled Hibernation  Hex/Ice        0%         N/A       100%        2
 Jinxbite                 Hex            0%         N/A       100%        2
 Searing Ray              Conj           0%         2d4       100%        2
 Frozen Ramparts          Ice            0%         1d1       100%        3
 Fugue of the Fallen      Necr           0%         N/A       100%        3
 Hailstorm                Conj/Ice       0%         3d5       100%        3
 Ozocubu's Armour         Ice            0%         N/A       100%        3
 Passwall                 Erth           0%         N/A       100%        3
 Swiftness                Air            0%         N/A       100%        3
 Vampiric Draining        Necr           0%         2d6       100%        3
 Volatile Blastmotes      Fire/Tloc      0%         2d10      100%        3
 Anguish                  Hex/Necr       0%         N/A       100%        4
 Fulminant Prism          Conj/Alch      0%         3d5       100%        4
 Iskenderun's Mystic Bla  Conj/Tloc      0%         2d3       100%        4
 Vhi's Electric Charge    Tloc/Air       0%         N/A       100%        4
 Alistair's Intoxication  Alch           0%         N/A       100%        5
 Curse of Agony           Necr           0%         N/A       100%        5
 Lee's Rapid Deconstruct  Erth           0%         3d4*      100%        5
 Metabolic Englaciation   Hex/Ice        0%         N/A       100%        5
 Yara's Violent Unravell  Hex/Alch       0%         3d3       100%        5
 Chain Lightning          Conj/Air       0%         N/A       100%        9
 Fire Storm               Conj/Fire      0%         5d1       100%        9
 Shatter                  Erth           0%         3d5*      100%        9
 Animate Armour           Summ/Erth      Unusable   N/A       N/A         4
 Martyr's Knell           Necr/Summ      Unusable   N/A       N/A         4
 Summon Lightning Spire   Summ/Air       Unusable   N/A       N/A         4
 Summon Forest            Summ/Tloc      Unusable   N/A       N/A         5
 Sculpt Simulacrum        Ice/Alch       Unusable   N/A       N/A         6

Dungeon Overview and Level Annotations

Branches:
Dungeon (15/15)            Temple (1/1) D:4            Lair (5/5) D:9
 Shoals (0/4) Lair:2       Spider (2/4) Lair:2        Slime (0/5) Lair:4
    Orc (0/2) D:12         Vaults (0/5) D:13         Bailey (visited)
  IceCv (visited)
 Depths: D:15

Altars:
Ashenzari
Cheibriados
Dithmenos
Elyvilon
Fedhas
Gozag
Hepliaklqana
Kikubaaqudgha
Makhleb
Nemelex Xobeh
Okawaru
Qazlal
Ru
Sif Muna
Trog
Uskayaw
Vehumet
Wu Jian
Xom
Yredelemnul
Zin
The Shining One
Jiyva

Shops:
D:2 *

Portals:
Hell: Lair:5


Innate Abilities, Weirdness & Mutations

You have a pair of horns on your head.
You reflexively headbutt those who attack you in melee.
You are resistant to electric shocks. (rElec)


Message History

The demonic crawler is engulfed in freezing vapours.
The demonic crawler hits you but does no damage.
The demonic crawler hits you.
* * * LOW HITPOINT WARNING * * *
The demonic crawler hits you but does no damage.
The jumping spider leaps!
The tarantella is engulfed in freezing vapours.
Unknown command.
Unknown command.
Unknown command.
You puncture the demonic crawler!
Your weapon exudes an aura of protection.
The demonic crawler is heavily wounded.
The jorogumo stares at you and mumbles some strange words.
The bolt of negative energy hits you!!
You feel drained.
* * * LOW HITPOINT WARNING * * *
The torpor snail is engulfed in poison gas.
The torpor snail looks as sick as possible!
The culicivora is engulfed in a thunderstorm.
You kill the culicivora!
Okawaru accepts your kill.
The demonic crawler is engulfed in freezing vapours.
The demonic crawler hits you!
* * * LOW HITPOINT WARNING * * *
The demonic crawler hits you but does no damage. x2
The tarantella is engulfed in freezing vapours.
Unknown command.
Unknown command.
Unknown command.
You are too berserk!
You are too berserk!
Unknown command.
You are too berserk!
Unknown command.
Okay, then.
You bludgeon the demonic crawler!!
You kill the demonic crawler!
Okawaru accepts your kill.
You die...

###..#
##..#^.##...#...##..#.##
.........#....##..#^##..#....
#.#.#......#..§#.....#.#.#.#.
. #..##.#.#..#..####.#......
...# #^#..#......###.#..#..
.#.. .#.#...###.## ##..#... .
## .#...s## ### #...##.
...####.# ###..## #{s§§@#
##### #..§#s#H# # .# #.§ws
).#§§# .#.#.## ... .## #^#. .
# #


You could see a jorogumo, a torpor snail (extremely poisoned), a culicivora, a
jumping spider, a tarantella and a redback.

Vanquished Creatures
  Rupert (Lair:3)
  Gastronok (Lair:3)
  3 emperor scorpions (Spider:1)
  A ghost moth (Spider:2)
  2 spark wasps
  Josephine (Lair:5)
  An entropy weaver (Spider:1)
  An ice dragon (IceCv)
  6 hydras (Lair:5)
  3 two-headed ogres
  A radroach (Spider:2)
  2 catoblepae
  2 centaur warriors
  7 death yaks
  2 boulder beetles
  A death knight (D:13)
  A sun demon (Lair:5)
  5 demonic crawlers
  Sonja (Lair:3)
  A tengu warrior (D:13)
  Urug (Lair:5)
  A skeletal warrior (D:13)
  A skyshark (Lair:4)
  2 pharaoh ants (Spider:1)
  4 orb spiders
  2 arcanists
  A phantasmal warrior (D:13)
  7 wolf spiders
  5 steelbarb worms
  A deep elf pyromancer (D:14)
  8 ugly things
  5 manticores
  A salamander (shapeshifter) (D:14)
  A cyclops (D:15)
  3 meliai (Spider:2)
  2 ice statues (IceCv)
  7 elephants (Lair:5)
  A black mamba (shapeshifter) (D:13)
  5 torpor snails
  3 black mambas
  2 gargoyles
  2 freezing wraiths
  4 komodo dragons
  7 cane toads
  An orange demon (Lair:5)
  2 efreet (D:14)
  14 rime drakes
  3 unseen horrors
  A kobold demonologist (D:14)
  5 ice devils (Lair:5)
  A polar bear (shapeshifter) (D:13)
  7 trolls
  A hornet (shapeshifter) (D:13)
  7 polar bears
  A hellwing (Lair:5)
  A hornet (D:8)
  12 tarantellas
  16 blink frogs
  12 dream sheep
  5 slime creatures
  13 jumping spiders
  13 culicivoras
  4 shadows
  4 vampires
  50 yaks
  7 wraiths
  A hog (shapeshifter) (D:13)
  3 wyverns
  4 basilisks
  7 vampire mosquitoes
  26 redbacks
  A steam dragon (Lair:2)
  Menkaure (D:7)
  2 two-headed ogre zombies (D:12)
  Edmund (D:4)
  2 acid dragons (D:10)
  4 hell hounds (Lair:5)
  9 water moccasins
  A black bear (D:8)
  An ice beast (D:8)
  A sky beast (D:6)
  7 orc warriors
  An ogre (D:5)
  26 wolves
  19 centaurs
  2 phantoms
  4 kobold brigands
  8 bullfrogs
  3 gnoll sergeants
  3 wights (D:8)
  A troll zombie (D:12)
  22 killer bees
  4 lindwurm simulacra (IceCv)
  8 vampire bats (Bailey)
  6 electric eels
  9 wolf zombies (Bailey)
  2 bombardier beetles (D:5)
  6 komodo dragon simulacra (IceCv)
  2 hounds
  6 jellies
  7 orc priests
  2 iguanas
  2 sleepcaps
  Natasha (thrice) (D:2)
  5 orc wizards
  5 ogre zombies (D:12)
  2 human simulacra (D:14)
  11 gnolls
  4 acid dragon simulacra (IceCv)
  3 adders
  A white imp (D:8)
  2 ufetubi (D:5)
  7 steam dragon simulacra (IceCv)
  3 dart slugs
  31 orcs
  6 endoplasms
  5 giant cockroaches
  7 hobgoblins
  5 jackals
  3 quokkas
  5 ball pythons
  8 bats
  3 frilled lizards
  3 gnoll skeletons (D:12)
  2 gnoll zombies (D:12)
  11 goblins
  21 kobolds
  An orc skeleton (D:12)
  40 orc zombies
  8 rats
718 creatures vanquished.

Vanquished Creatures (others)
  A kobold brigand (D:8)
1 creature vanquished.

Grand Total: 719 creatures vanquished

Notes
Turn   | Place    | Note
-------+----------+-------------------------------------------
     0 | D:1      | Cheops the Minotaur Fighter began the quest for the Orb.
     0 | D:1      | Reached XP level 1. HP: 19/19 MP: 0/0
   193 | D:1      | Reached XP level 2. HP: 26/26 MP: 1/1
   388 | D:1      | Reached skill level 5 in Armour
   425 | D:1      | Reached XP level 3. HP: 31/31 MP: 2/2
   939 | D:2      | Noticed Natasha
   947 | D:2      | Killed Natasha
   948 | D:2      | Reached XP level 4. HP: 30/39 MP: 3/3
  1142 | D:2      | Found Tetidext's Assorted Antiques.
  1333 | D:2      | Noticed Natasha
  1338 | D:2      | Killed Natasha
  1439 | D:2      | Noticed Natasha
  1446 | D:2      | Killed Natasha
  1447 | D:2      | Reached skill level 5 in Maces & Flails
  1484 | D:2      | Found Tetidext's Assorted Antiques.
  1974 | D:3      | Reached XP level 5. HP: 42/45 MP: 4/4
  2833 | D:4      | Found a hide-covered altar of Uskayaw.
  3072 | D:4      | Reached XP level 6. HP: 49/51 MP: 5/5
  3235 | D:4      | Noticed Edmund
  3249 | D:4      | Killed Edmund
  3320 | D:4      | Found a staircase to the Ecumenical Temple.
  3469 | D:4      | Found a shimmering altar of Xom.
  3470 | D:4      | Found a hazy altar of Hepliaklqana.
  3470 | D:4      | Noticed a yak
  3471 | D:4      | Noticed a spectral ugly thing
  3471 | D:4      | Noticed a yak
  3602 | D:5      | Entered Level 5 of the Dungeon
  3879 | D:5      | Reached XP level 7. HP: 53/57 MP: 6/6
  5103 | D:6      | Reached skill level 10 in Maces & Flails
  5106 | D:6      | Found a glowing golden altar of the Shining One.
  5109 | D:6      | Found an ancient bone altar of Kikubaaqudgha.
  5109 | D:6      | Found an ornate altar of the Wu Jian Council.
  5122 | D:6      | Found a snail-covered altar of Cheibriados.
  5126 | D:6      | Found a bloodstained altar of Trog.
  5232 | D:6      | Found a broken altar of Ashenzari.
  5449 | D:6      | Reached XP level 8. HP: 64/64 MP: 7/7
  5849 | D:7      | Found a flagged portal.
  5860 | Bailey   | Entered a bailey
  5941 | Bailey   | Noticed a gargoyle
  5947 | Bailey   | Killed a gargoyle
  5988 | Bailey   | Identified the +0 acid dragon scales "Jerij" {rC- rN+++
                  | Regen+ rCorr Dex-5}
  5990 | Bailey   | Identified the +2 robe "Bumat" {+Inv rF+ rCorr}
  6261 | Bailey   | Reached XP level 9. HP: 70/70 MP: 8/8
  6287 | Bailey   | Reached skill level 4 in Shields
  6368 | D:7      | Noticed Menkaure
  6373 | D:7      | Killed Menkaure
  6550 | D:7      | Reached skill level 5 in Shields
  6563 | D:7      | Reached skill level 5 in Fighting
  6567 | D:7      | You fall into a shaft and drop 3 floors!
  6567 | D:10     | Entered Level 10 of the Dungeon
  6771 | D:10     | Noticed a gargoyle
  6787 | D:10     | Killed a gargoyle
  6982 | D:9      | Noticed a two-headed ogre
  6991 | D:9      | Killed a two-headed ogre
  6992 | D:9      | Reached XP level 10. HP: 72/91 MP: 9/9
  7062 | D:9      | Found a white marble altar of Elyvilon.
  7268 | D:9      | Reached skill level 10 in Fighting
  8136 | Temple   | Entered the Ecumenical Temple
  8144 | Temple   | Became a worshipper of Warmaster Okawaru
  8278 | D:8      | Noticed a two-headed ogre
  8285 | D:8      | Killed a two-headed ogre
  8286 | D:8      | Reached skill level 1 in Evocations
  8367 | D:8      | Found a basalt altar of Yredelemnul.
  8372 | D:8      | Reached * piety under Okawaru
  9322 | D:9      | Reached ** piety under Okawaru
  9350 | D:9      | Reached XP level 11. HP: 95/98 MP: 13/13
  9401 | D:9      | Found a staircase to the Lair.
  9702 | D:10     | Reached skill level 5 in Invocations
  9809 | D:10     | Found a shadowy altar of Dithmenos.
 10168 | D:10     | Identified the +6 flail "Koudoq" {venom, ^Fragile rElec
                  | rPois SInv}
 10303 | D:10     | Identified 3 scrolls of acquirement
 10305 | D:10     | Acquired 473 gold pieces
 10307 | D:10     | Acquired the +7 demon whip of Magnificence {freeze, Will+
                  | Int+3}
 10341 | D:11     | Reached *** piety under Okawaru
 10342 | D:11     | Reached skill level 5 in Evocations
 10803 | D:11     | Reached **** piety under Okawaru
 12605 | D:12     | Found a staircase to the Orcish Mines.
 13123 | D:13     | Noticed a death knight
 13145 | D:13     | Noticed a centaur warrior
 13152 | D:13     | Killed a centaur warrior
 13152 | D:13     | Reached ***** piety under Okawaru
 13153 | D:13     | Reached XP level 12. HP: 76/106 MP: 17/17
 13156 | D:13     | Noticed a tengu warrior
 13160 | D:13     | Noticed an ettin
 13164 | D:13     | an ettin changed into a cyclops
 13167 | D:13     | Killed a tengu warrior
 13678 | D:13     | Found a gate to the Vaults.
 13747 | D:13     | Killed a death knight
 13787 | D:13     | Reached skill level 10 in Invocations
 14323 | D:13     | Received a gift from Okawaru
 14689 | D:13     | Noticed a two-headed ogre
 14697 | D:13     | Killed a two-headed ogre
 15124 | D:14     | Noticed a boulder beetle
 15227 | D:14     | Killed a boulder beetle
 15298 | D:14     | Got the Annotations on Synthesized Wanderlust
 15446 | D:14     | Reached XP level 13. HP: 58/113 MP: 21/21
 15458 | D:14     | Reached ****** piety under Okawaru
 15630 | D:14     | Found a bloodstained altar of Trog.
 16392 | D:14     | Received a gift from Okawaru
 16650 | D:15     | Entered Level 15 of the Dungeon
 17044 | Lair:1   | Entered Level 1 of the Lair of Beasts
 17052 | Lair:1   | Acquired a +2 eveningstar of protection
 17052 | Lair:1   | Received a gift from Okawaru
 17053 | Lair:1   | Acquired the +8 orange crystal plate armour {Archmagi,
                  | Int+3 Clar}
 17053 | Lair:1   | Received a gift from Okawaru
 17053 | Lair:1   | Found the +8 orange crystal plate armour {Archmagi, Int+3
                  | Clar}
 17152 | Lair:1   | Identified the +4 short sword of Skirmishing {spect, rF+
                  | Str+4}
 17871 | Lair:2   | Found a hide-covered altar of Uskayaw.
 17876 | Lair:2   | Found a hole to the Spider Nest.
 17929 | Lair:2   | Found a staircase to the Shoals.
 18196 | Lair:2   | Reached skill level 10 in Evocations
 18486 | Lair:2   | Identified the +0 plate armour of Ytiuw {Harm Rampage
                  | *Corrode +Blink}
 18638 | Lair:2   | Received a gift from Okawaru
 18964 | Lair:3   | Noticed Gastronok
 18970 | Lair:3   | Killed Gastronok
 18978 | Lair:3   | Reached skill level 15 in Maces & Flails
 19043 | Lair:3   | Noticed Sonja
 19046 | Lair:3   | Killed Sonja
 19234 | Lair:3   | Received a gift from Okawaru
 19669 | Lair:3   | Noticed Rupert
 19677 | Lair:3   | Paralysed by Rupert for 4 turns
 19691 | Lair:3   | Killed Rupert
 19692 | Lair:3   | Reached skill level 6 in Shields
 19692 | Lair:3   | Reached XP level 14. HP: 101/120 MP: 23/23
 19840 | Lair:3   | Reached skill level 7 in Shields
 19993 | Lair:3   | Identified the +6 hand axe of Vohafela {holy, rCorr Str+6}
 20263 | Lair:4   | Found a frozen archway.
 20291 | IceCv    | Entered an ice cave
 20409 | IceCv    | Reached skill level 8 in Shields
 20775 | IceCv    | Received a gift from Okawaru
 21233 | Lair:4   | Reached skill level 9 in Shields
 21458 | Lair:4   | Found a staircase to the Slime Pits.
 21583 | Lair:4   | Found a viscous altar of Jiyva.
 21967 | Lair:5   | Entered Level 5 of the Lair of Beasts
 21978 | Lair:5   | Reached skill level 10 in Shields
 22145 | Lair:5   | Received a gift from Okawaru
 22146 | Lair:5   | Reached skill level 11 in Shields
 22160 | Lair:5   | Reached skill level 12 in Shields
 22631 | Lair:5   | Reached skill level 13 in Shields
 22665 | Lair:5   | Noticed Josephine
 22671 | Lair:5   | Killed Josephine
 22677 | Lair:5   | Received a gift from Okawaru
 22720 | Lair:5   | Noticed Urug
 22730 | Lair:5   | Killed Urug
 22863 | Lair:5   | Reached skill level 14 in Shields
 23040 | Lair:5   | Identified the +0 cloak "Coifeocw" {Int+3}
 23148 | Lair:5   | Reached XP level 15. HP: 126/126 MP: 24/24
 23149 | Lair:5   | Found a burning altar of Makhleb.
 23176 | Lair:5   | Received a gift from Okawaru
 23177 | Lair:5   | Reached skill level 15 in Shields
 23223 | Lair:5   | Found a gateway to Hell.
 23891 | Spider:1 | Entered Level 1 of the Spider Nest
 23981 | Spider:1 | Noticed an emperor scorpion
 24004 | Spider:1 | Killed an emperor scorpion
 24085 | Spider:1 | Noticed an emperor scorpion
 24196 | Spider:1 | Received a gift from Okawaru
 24197 | Spider:1 | Reached skill level 16 in Shields
 24290 | Spider:1 | Noticed an emperor scorpion
 24323 | Spider:1 | Killed an emperor scorpion
 24818 | Spider:1 | Received a gift from Okawaru
 24819 | Spider:1 | Reached skill level 17 in Shields
 25229 | Spider:1 | Killed an emperor scorpion
 25716 | Spider:2 | Reached skill level 18 in Shields
 26771 | Spider:2 | Received a gift from Okawaru
 27023 | Spider:2 | Gained mutation: You are resistant to electric shocks.
                  | (rElec) [potion of mutation]
 27031 | Spider:2 | HP: 1/186 [demonic crawler (12)]
 27032 | Spider:2 | Succumbed to a jorogumo's poison

Illustrated notes

Levels and vault maps discovered:
D:1:      nicolae_arrival_memento_mori, layout_basic, minmay_misc_feat_chi
D:2:      layout_loops_ring, serial_shops, nicolae_shop_tiny_real_fake_doors,
          serial_bayou_pond_b, uniq_natasha
D:3:      layout_loops_ring
D:4:      layout_basic, eat_drink_and_be_merry_uskayaw,
          regret_index_temple_of_mockery, minmay_temple_entry_statues_fountains,
          nicolae_tricolors, uniq_edmund
D:5:      layout_loops_ring
D:6:      layout_loops_corners, nicolae_ashenzari_panopticon,
          minmay_overflow_temple_star_hex, nicolae_hexahallways
D:7:      layout_basic, enter_bailey_2, uniq_menkaure
D:8:      cheibrodos_barr_body, layout_basic, lemuel_crystal_altar
D:9:      layout_loops_cross, mainiacjoe_overflow_tiny_flanked,
          lair_entry_dummy, hex_tiny
D:10:     layout_irregular_city, nicolae_dithmenos_through_a_glass_darkly,
          kennysheep_generic_room_9
D:11:     layout_roguey, minivault_25
D:12:     layout_loops_corners, zombieorc2_lemuel
D:13:     layout_gridville, david_vaults_2
D:14:     minmay_isolated_rectangles_in_corner, layout_rooms, bloody_trog,
          bh_circular_ruins
D:15:     grunt_enter_depths_hoard, layout_small_grid, dreamdust_princess_bridge
Temple:   nicolae_temple_two_arcs
Lair:1:   layout_regular_city
Lair:2:   layout_small_grid, minmay_shoals_entry_centaurs,
          spider_nest_entry_rubble, basic_altar, grunt_megastairs_4
Lair:3:   layout_misc_corridors, infiniplex_staircase_pool,
          serial_bayou_shore_a, uniq_gastronok, uniq_sonja, uniq_rupert
Lair:4:   layout_gridlike, nicolae_slime_entry_field_trip, portal_ice_cave_rime,
          serial_bayou_shore_b
Lair:5:   evil_forest, layout_misc_corridors, serial_rivers,
          chequers_serial_rivers_micro_b, chequers_serial_rivers_small_b,
          chequers_serial_rivers_small_b, chequers_serial_rivers_room_a,
          chequers_serial_rivers_micro_d, chequers_serial_rivers_large_b,
          uniq_josephine, uniq_urug
Spider:1: layout_spider_delve, hangedman_spider_tarantella_strand
Spider:2: layout_spider_delve

Skill      XL: |  1  2  3  4  5  6  7  8  9 10 11 12 13 14 15 |
---------------+----------------------------------------------+-----
Armour         | 4 5 9 |  9.0
Maces & Flails | 4 5 6 8 10 13 14 16 | 16.0
Shields        | 5 6 14 18 | 18.6
Fighting       | 9 10 11 | 11.4
Invocations    | 4 8 12 13 | 13.9
Evocations     | 3 7 9 10 | 10.2

Action                     |  1- 3 |  4- 6 |  7- 9 | 10-12 | 13-15 || total
---------------------------+-------+-------+-------+-------+-------++-------
  Melee: Flail             |    85 |   168 |   217 |   280 |       ||   750
         Headbutt          |    10 |    12 |    36 |   128 |   272 ||   458
         Demon whip        |       |       |       |   346 |    62 ||   408
         Mace              |       |       |       |    15 |       ||    15
         Eveningstar       |       |       |       |       |  1221 ||  1221
         Hand axe          |       |       |       |       |    22 ||    22
 Invoke: Heroism           |       |       |       |       |     5 ||     5
         Finesse           |       |       |       |       |     2 ||     2
         Receive Weapon    |       |       |       |       |     1 ||     1
         Receive Armour    |       |       |       |       |     1 ||     1
  Evoke: Condenser vane    |       |       |     1 |     1 |     3 ||     5
         Wand              |       |       |       |       |     5 ||     5
    Use: Scroll            |       |       |     7 |     7 |    19 ||    33
         Potion            |       |       |     1 |       |     4 ||     5
   Stab: Distracted        |       |       |     1 |       |       ||     1
         Confused          |       |       |     1 |       |       ||     1
 Armour: Scale mail        |    56 |    13 |       |       |       ||    69
         Chain mail        |       |   101 |    95 |   343 |    70 ||   609
         Plate armour      |       |       |    34 |       |       ||    34
         Acid dragon scale |       |       |       |    20 |       ||    20
         Crystal plate arm |       |       |       |       |  1285 ||  1285
  Dodge: Dodged            |    42 |    38 |    62 |   142 |   275 ||   559
  Block: Buckler           |    37 |    62 |    87 |   192 |   249 ||   627
         Reflection        |       |     1 |     1 |     4 |    15 ||    21
         Kite shield       |       |       |       |       |  1187 ||  1187
